 Dungeon Crawl Stone Soup version 0.29-a0-289-g2178c42546 (console) character file.

Game seed: 17401818626982939796

34 Ignak the Grave Robber (level 3, 0/25 HPs)
             Began as a Gnoll Necromancer on Mar 17, 2022.
             Slain by Sigmund
             ... wielding a +2 scythe of freezing
              (2 damage)
             ... on level 2 of the Dungeon.
             The game lasted 00:03:24 (1314 turns).

Ignak the Grave Robber (Gnoll Necromancer)          Turns: 1314, Time: 00:03:25

Health: 0/25       AC:  1    Str:  7    XL:     3   Next: 31%
Magic:  2/9        EV: 13    Int: 16    God:
Gold:   46         SH:  0    Dex: 12    Spells: 5/12 levels left

rFire   . . .      SeeInvis .   e - +1 short sword
rCold   . . .      Faith    .   (no shield)
rNeg    . . .      Spirit   .   (no body armour)
rPois   .          Reflect  .   (no helmet)
rElec   .          Harm     .   (no cloak)
rCorr   .          Rampage  .   (no gloves)
Will    .....                   f - +0 pair of boots
Stlth   ++........              (no amulet)
HPRegen 0.08/turn               (no ring)
MPRegen 0.11/turn               (no ring)

@: no status effects
A: fangs 1, strong nose, distributed training, mutation resistance 1
a: no special abilities


You were on level 2 of the Dungeon.
You visited 1 branch of the dungeon, and saw 2 of its levels.

You collected 46 gold pieces.

Inventory:

Hand Weapons
 e - a +1 short sword (weapon)
Armour
 f - a +0 pair of boots (worn)
 g - a +0 ring mail
Scrolls
 a - a scroll of brand weapon {unknown}
 j - a scroll of fog
Potions
 b - a potion of magic


   Skills:
 + Level 0.7 Fighting
 + Level 0.7 Short Blades
 + Level 0.7 Long Blades
 + Level 0.7 Axes
 + Level 0.7 Maces & Flails
 + Level 0.7 Polearms
 + Level 0.7 Staves
 + Level 0.7 Slings
 + Level 0.7 Bows
 + Level 0.7 Crossbows
 + Level 0.7 Throwing
 + Level 0.7 Armour
 + Level 4.5 Dodging
 + Level 4.1 Stealth
 + Level 0.7 Shields
 + Level 0.7 Unarmed Combat
 + Level 5.0 Spellcasting
 + Level 0.5 Conjurations
 + Level 0.5 Hexes
 + Level 0.5 Summonings
 + Level 7.1 Necromancy
 + Level 0.5 Translocations
 + Level 0.5 Transmutations
 + Level 0.5 Fire Magic
 + Level 0.5 Ice Magic
 + Level 0.5 Air Magic
 + Level 0.5 Earth Magic
 + Level 0.5 Poison Magic
 + Level 0.9 Invocations
 + Level 0.7 Evocations


You had 5 spell levels left.
You knew the following spells:

 Your Spells              Type           Power      Damage    Failure   Level
a - Pain                  Necr           100%       1d9       1%          1
b - Ensorcelled Hibernat  Hex/Ice        10%        N/A       19%         2
c - Vampiric Draining     Necr           26%        2d7       2%          3
z - Beastly Appendage     Tmut           10%        N/A       12%         1

Your spell library contained the following spells:

 Spells                   Type           Power      Damage    Failure   Level
 Animate Skeleton         Necr           52%        N/A       1%          1
 Animate Dead             Necr           13%        N/A       9%          4
 Passwall                 Tmut/Erth      4%         N/A       19%         2
 Wereblood                Tmut           5%         N/A       19%         2
 Agony                    Necr           26%        N/A       22%         5
 Spider Form              Tmut/Pois      5%         N/A       36%         3
 Swiftness                Air            5%         N/A       36%         3


Dungeon Overview and Level Annotations

Branches:
Dungeon (2/15)

Altars:

Shops:
D:1 ?

Annotations:
D:2 Sigmund


Innate Abilities, Weirdness & Mutations

You have very sharp teeth.
Your uncanny sense of smell can sniff out nearby items.
Your experience applies equally to all skills.
You are somewhat resistant to further mutation.


Message History

Aiming: Ensorcelled Hibernation (safe; 19% risk of failure)
Press: ? - help, Shift-Dir - straight line, f/p - Sigmund
Aim: Sigmund, wielding a +2 scythe of freezing and wearing a +0 robe (chance to affect: 48%) Sigmund resists with some effort.
Sigmund points at you and mumbles some strange words.
You are confused.
You bump into the rock wall.
Sigmund is suddenly surrounded by pale green light.
Sigmund misses you.
You're too confused to move!
Sigmund closely misses you.
You're too confused to move!
You feel less confused.
Casting: Ensorcelled Hibernation (safe; 19% risk of failure)
Confirm with . or Enter, or press ? or * to list all spells.
Aiming: Ensorcelled Hibernation (safe; 19% risk of failure)
Press: ? - help, Shift-Dir - straight line, f/p - Sigmund
Aim: Sigmund, wielding a +2 scythe of freezing and wearing a +0 robe (chance to affect: 48%) Sigmund resists with some effort.
Sigmund gestures at you while chanting. The magic dart hits you!
Casting: Ensorcelled Hibernation (safe; 19% risk of failure)
Confirm with . or Enter, or press ? or * to list all spells.
Aiming: Ensorcelled Hibernation (safe; 19% risk of failure)
Press: ? - help, Shift-Dir - straight line, f/p - Sigmund
Aim: Sigmund, wielding a +2 scythe of freezing and wearing a +0 robe (chance to affect: 48%) Sigmund looks drowsy...
Sigmund hits you with a +2 scythe of freezing.
Sigmund freezes you.
You closely miss Sigmund.
Sigmund screams, "You will never...
NEVER!!!"
Sigmund mumbles some strange words.
Sigmund flickers and vanishes!
Deactivating autopickup; reactivate with Ctrl-A.
As you read the scroll labelled BATZU FURAIPT, it crumbles to dust.
It is a scroll of enchant weapon.
Your +0 short sword glows red for a moment.
Something hits you!
* * * LOW HITPOINT WARNING * * *
Something freezes you.
You die...

####### ########### #.....#
#.(.......# #.....#
#....####.# #.....# #....# #.#
#.....# #....# #.# #.....#
#....# ##.##############(....#
#....# #.....@{..............+
#....###.....................#
###...............#####......#
######.########.# #......# #.#
#.# #....... ##'## #.#
#..[.... #...# ###'## ##......
#### ##...#####....#####......
...# #..>.....+.............##


There were no monsters in sight!

Vanquished Creatures
  An adder (D:2)
  A dart slug (D:1)
  An endoplasm (D:2)
  A giant cockroach (D:1)
  3 goblins
  A hobgoblin (D:1)
  A quokka (D:2)
  3 ball pythons (D:1)
  3 bats (D:1)
  5 kobolds
  4 rats
24 creatures vanquished.

Notes
Turn   | Place    | Note
-------+----------+-------------------------------------------
     0 | D:1      | Ignak the Gnoll Necromancer began the quest for the Orb.
     0 | D:1      | Reached XP level 1. HP: 13/13 MP: 6/6
   146 | D:1      | Found Upnept's Magic Scroll Boutique.
   313 | D:1      | Reached XP level 2. HP: 16/19 MP: 4/7
   631 | D:1      | Found a faded altar of an unknown god.
  1127 | D:2      | Noticed Sigmund
  1134 | D:2      | Reached skill level 5 in Spellcasting
  1134 | D:2      | Reached XP level 3. HP: 19/25 MP: 2/9
  1203 | D:2      | Learned a level 3 spell: Vampiric Draining
  1206 | D:2      | Learned a level 2 spell: Ensorcelled Hibernation
  1230 | D:2      | Gained mutation: You are somewhat resistant to further
                  | mutation. [potion of mutation]
  1282 | D:2      | Learned a level 1 spell: Beastly Appendage
  1314 | D:2      | Slain by Sigmund

Illustrated notes

Levels and vault maps discovered:
D:1:      scummos_arrival_checkerplants, layout_basic, basic_ecumenical_altar,
          serial_shops, shop
D:2:      layout_basic, uniq_sigmund

Skill      XL: |  1  2 |
---------------+-------+-----
Spellcasting   | 5 |  5.0
Fighting       | |  0.7
Short Blades   | |  0.7
Long Blades    | |  0.7
Axes           | |  0.7
Maces & Flails | |  0.7
Polearms       | |  0.7
Staves         | |  0.7
Slings         | |  0.7
Bows           | |  0.7
Crossbows      | |  0.7
Throwing       | |  0.7
Armour         | |  0.7
Dodging        | |  4.5
Stealth        | |  4.1
Shields        | |  0.7
Unarmed Combat | |  0.7
Conjurations   | |  0.5
Hexes          | |  0.5
Summonings     | |  0.5
Necromancy     | |  7.1
Translocations | |  0.5
Transmutations | |  0.5
Fire Magic     | |  0.5
Ice Magic      | |  0.5
Air Magic      | |  0.5
Earth Magic    | |  0.5
Poison Magic   | |  0.5
Invocations    | |  0.9
Evocations     | |  0.7

Action                   || total
-------------------------++-------
Melee: Club              ||     2
       Bite              ||     2
       Short sword       ||    23
 Cast: Pain              ||    28
       Ensorcelled Hiber ||     4
  Use: Scroll            ||     4
       Potion            ||     2
 Stab: Sleeping          ||     2
Armor: Robe              ||     5
       Ring mail         ||    11
Dodge: Dodged            ||    20

Table legend: (Time is in decaauts)
 A = Elapsed time spent in this place.
 B = Non-inter-level travel time spent in this place.
 C = Inter-level travel time spent in this place.
 D = Time resting spent in this place.
 E = Time spent auto-exploring this place.
 F = Levels seen in this place.
 G = Mean time per level.
                   A        B        C        D        E       F      G
               +--------+--------+--------+--------+--------+-----+--------+
         Total |   1315 |   1280 |     35 |     45 |    866 |   2 |  657.5 |
       Dungeon |   1315 |   1280 |     35 |     45 |    866 |   2 |  657.5 |
               +--------+--------+--------+--------+--------+-----+--------+

Top non-repeatable levels by time:
     D:1: 1044 daAuts
     D:2: 270 daAuts
